 Dungeon Crawl Stone Soup version 0.31-a0-702-gf82c85558f (webtiles) character file.

Game seed: 4342667872704275549

44 javelincjr the Changeling (level 3, -4/27 HPs)
             Began as a Human Shapeshifter on Sept 8, 2023.
             Slain by a gnoll
             ... wielding a +1 spear of distortion
              (7 damage)
             ... on level 2 of the Dungeon.
             The game lasted 00:04:30 (1079 turns).

javelincjr the Changeling (Human Shapeshifter)      Turns: 1079, Time: 00:04:31

Health: -4/27      AC:  5    Str: 22    XL:     3   Next: 87%
Magic:  3/3        EV: 11    Int: 10    God:
Gold:   101        SH:  0    Dex: 12    Spells: 2/2 levels left

rFire   . . .        q - +0 battleaxe
rCold   . . .        (shield currently unavailable)
rNeg    . . .        g - +0 ring mail
rPois   .            (helmet currently unavailable)
rElec   .            (cloak currently unavailable)
rCorr   .            (gloves currently unavailable)
SInv    .            (boots currently unavailable)
Will    .....        (no amulet)
Stlth   +            s - +6 ring of strength
HPRegen 0.24/turn    (no ring)
MPRegen 0.08/turn

%: no passive effects
@: beast-form
A: beast (slay +2)
a: Begin Untransformation


You were on level 2 of the Dungeon.
You were a hulking beast.
You visited 1 branch of the dungeon, and saw 2 of its levels.

You collected 101 gold pieces.

Inventory:

Hand Weapons
 q - a +0 battleaxe (weapon)
Armour
 a - a +0 animal skin
 g - a +0 ring mail (worn)
 r - a +0 cloak
Magical Staves
 m - a staff of conjuration
Jewellery
 s - a +6 ring of strength (left hand)
Talismans
 c - a beast talisman (active)
 d - a flux talisman
Scrolls
 f - a scroll of blinking {unknown}
 i - a scroll of teleportation {unknown}
 j - a scroll of silence {unknown}
 k - a scroll of enchant armour {unknown}
 n - a scroll of enchant weapon {unknown}
 o - 2 scrolls of immolation {unknown}
 t - a scroll of identify {unknown}
 u - a scroll of amnesia {unknown}
Potions
 b - a potion of lignification
 e - a potion of brilliance {unknown}
 h - 2 potions of curing {unknown}
 l - a potion of might {unknown}
 p - a potion of cancellation {unknown}


   Skills:
 + Level 1.7 Fighting
 + Level 2.4 Dodging
 + Level 3.3 Unarmed Combat
 * Level 3.5 Shapeshifting


You had 2 spell levels left.
You didn't know any spells.
Your spell library contained the following spells:

 Spells                   Type           Power      Damage    Failure   Level
 Sandblast                Erth           0%         2d4       52%         1
 Passwall                 Tmut/Erth      0%         N/A       67%         2
 Sublimation of Blood     Necr           0%         N/A       67%         2
 Stone Arrow              Conj/Erth      0%         3d7       88%         3
 Animate Dead             Necr           0%         N/A       99%         4
 Petrify                  Tmut/Erth      0%         N/A       99%         4
 Irradiate                Conj/Tmut      0%         3d11      100%        5
 Haunt                    Necr/Summ      0%         N/A       100%        7
 Infestation              Necr           0%         N/A       100%        8


Dungeon Overview and Level Annotations

Branches:
Dungeon (2/15)

Altars:

Shops:
D:1 [


Message History

You barely miss the kobold.
The kobold hits you with a +0 short sword.
The kobold barely misses you.
You closely miss the kobold. The kobold barely misses you.
You closely miss the kobold. The kobold misses you.
A dart slug comes into view.
The kobold closely misses you.
You closely miss the kobold.
The kobold hits you with a +0 short sword.
The dart slug launches a dart at you. The slug dart misses you.
The kobold hits you with a +0 short sword.
You slash the kobold!
You kill the kobold!
The dart slug bites you but does no damage.
You slash the dart slug!
You kill the dart slug!
No target in view!
No target in view!
There is a shaft here.
An adder comes into view.
The adder hisses angrily.
You closely miss the adder. The adder closely misses you. x2
You closely miss the adder. The adder bites you but does no damage.
The adder closely misses you.
You closely miss the adder. The adder barely misses you. The adder bites you.
The adder bites you but does no damage.
You slice the adder!!
You kill the adder!
No target in view!
A gnoll is nearby!
The gnoll misses you.
The gnoll hits you with a +1 spear of distortion.
Space warps horribly around you!!
Ouch! That really hurt!
* * * LOW HITPOINT WARNING * * *
You are too injured to fight recklessly!
You barely miss the gnoll.
The gnoll hits you with a +1 spear of distortion!
You die...

....#...#############....#.......
###.############ #......†...##
#............# #......####.#
#............# #........#.).
#............######....####.#.#
#.........^......##....#....###
#.########.......##.....####...
#.# #........'...##.#..##. #.#
#....hg..#...#...#..#. #.
#........# ##.###.##
#........#.....#.#.#..
#........#....##...###
#......!.###..#.###.#. #........#
#. #. #... #........# #. .. ###
########.# # ####..##. ......


You could see a gnoll.

Vanquished Creatures
  An adder (D:2)
  A dart slug (D:2)
  3 bats (D:1)
  3 endoplasms
  3 giant cockroaches
  5 goblins
  A hobgoblin (D:1)
  A quokka (D:2)
  6 ball pythons
  A frilled lizard (D:1)
  3 kobolds
  4 rats
32 creatures vanquished.

Notes
Turn   | Place    | Note
-------+----------+-------------------------------------------
     0 | D:1      | javelincjr the Human Shapeshifter began the quest for the
                  | Orb.
     0 | D:1      | Reached XP level 1. HP: 15/15 MP: 1/1
   193 | D:1      | Found Negoss's Armour Emporium.
   206 | D:1      | Reached XP level 2. HP: 21/21 MP: 2/2
   844 | D:2      | Reached XP level 3. HP: 19/26 MP: 3/3
  1079 | D:2      | Slain by a gnoll

Illustrated notes

Levels and vault maps discovered:
D:1:      wander_arrival_lonely_grave, layout_loops_cross, serial_shops, shop
D:2:      layout_basic, serial_shops, nicolae_shop_behind_doors,
          minmay_pentomino_pile

Action                     || total
---------------------------++-------
  Melee: Unarmed           ||    55
         Punch             ||     2
         Battleaxe         ||    24
   Stab: Sleeping          ||     2
 Armour: Animal skin       ||    38
         Ring mail         ||    13
  Dodge: Dodged            ||    55

Table legend: (Time is in decaauts)
 A = Elapsed time spent in this place.
 B = Non-inter-level travel time spent in this place.
 C = Inter-level travel time spent in this place.
 D = Time resting spent in this place.
 E = Time spent auto-exploring this place.
 F = Levels seen in this place.
 G = Mean time per level.
                   A        B        C        D        E       F      G
               +--------+--------+--------+--------+--------+-----+--------+
         Total |   1090 |   1063 |     27 |      0 |    828 |   2 |  545.0 |
       Dungeon |   1090 |   1063 |     27 |      0 |    828 |   2 |  545.0 |
               +--------+--------+--------+--------+--------+-----+--------+

Top non-repeatable levels by time:
     D:1: 653 daAuts
     D:2: 437 daAuts
